 Dungeon Crawl Stone Soup version 0.30.0-11-gf55b779eaf (webtiles) character file.

Game seed: 867573331703654056

46 edwardauron the Digger (level 3, 0/24 HPs)
             Began as a Demonspawn Earth Elementalist on May 16, 2023.
             Slain by a gnoll
             ... wielding a +0 spear
              (1 damage)
             ... on level 2 of the Dungeon.
             The game lasted 00:01:24 (1253 turns).

edwardauron the Digger (DsEE)                       Turns: 1253, Time: 00:01:24

Health: 0/24       AC:  4    Str:  8    XL:     3   Next: 46%
Magic:  0/7        EV: 12    Int: 18    God:
Gold:   88         SH:  0    Dex: 13    Spells: 6/7 levels left

rFire   . . .        d - staff of poison
rCold   . . .        (no shield)
rNeg    . . .        a - +0 robe
rPois   +            (no helmet)
rElec   .            k - +0 cloak
rCorr   .            (no gloves)
SInv    .            i - +0 pair of boots
Will    .....        (no amulet)
Stlth   ++           (no ring)
HPRegen 0.24/turn    (no ring)
MPRegen 0.10/turn

%: no passive effects
@: flying
A: spiny 1
a: no special abilities


You were on level 2 of the Dungeon.
You visited 1 branch of the dungeon, and saw 2 of its levels.

You collected 88 gold pieces.

Inventory:

Armour
 a - a +0 robe (worn)
 i - a +0 pair of boots (worn)
 k - a +0 cloak (worn)
Magical Staves
 d - a staff of poison (weapon)
Scrolls
 c - 2 scrolls of teleportation {unknown}
 e - a scroll of noise {unknown}
 f - a scroll of blinking {unknown}
 h - a scroll of identify {unknown}
Potions
 b - 3 potions of magic
 j - a potion of flight


   Skills:
 - Level 1.7 Dodging
 - Level 1.7 Stealth
 + Level 2.9 Spellcasting
 - Level 0.8 Transmutations
 + Level 3.5 Earth Magic


You had 6 spell levels left.
You knew the following spells:

 Your Spells              Type           Power      Damage    Failure   Level
a - Sandblast             Erth           30%        2d9       4%          1

Your spell library contained the following spells:

 Spells                   Type           Power      Damage    Failure   Level
 Passwall                 Tmut/Erth      8%         N/A       11%         2
 Necrotise                Necr           8%         1d4       17%         1
 Stone Arrow              Conj/Erth      16%        3d8       24%         3
 Vampiric Draining        Necr           2%         2d6       45%         3
 Petrify                  Tmut/Erth      10%        N/A       56%         4
 Agony                    Necr           2%         N/A       99%         5


Dungeon Overview and Level Annotations

Branches:
Dungeon (2/15)

Altars:


Innate Abilities, Weirdness & Mutations

You are partially covered in sharp spines.


Message History

A gnoll comes into view. It is wielding a +0 spear.
The gnoll shouts!
The blast of sand hits the gnoll.
The gnoll is moderately wounded.
A gnoll comes into view. It is wielding a +0 whip.
The gnoll is struck by your spines. The gnoll hits you with a +0 flail.
The blast of sand hits the gnoll.
The gnoll is severely wounded.
The gnoll is struck by your spines. The gnoll misses you.
The blast of sand hits the gnoll!
You kill the gnoll!
The gnoll misses you. The gnoll hits you with a +0 flail!
You have reached level 3!
Your experience leads to an increase in your attributes!
Increase (S)trength, (I)ntelligence, or (D)exterity?
You feel clever. x2
You are too injured to fight recklessly!
Okay, then.
Aiming: Sandblast (safe; 4% risk of failure)
Press: ? - help, Q - select action Shift-Dir - straight line, f - gnoll
Aim: a gnoll, wielding a +0 flail (84% to hit)
The blast of sand hits the gnoll.
The gnoll is heavily wounded.
The gnoll closely misses you. x2
Aiming: Sandblast (safe; 4% risk of failure)
Press: ? - help, Q - select action Shift-Dir - straight line, f/p - gnoll
Aim: a gnoll, wielding a +0 flail (heavily wounded, 84% to hit)
The blast of sand hits the gnoll!
You kill the gnoll!
The gnoll hits you from afar with a +0 spear.
* * * LOW HITPOINT WARNING * * *
The gnoll closely misses you.
It was a potion of cancellation.
You feel magically purged.
The gnoll hits you from afar with a +0 spear.
* * * LOW HITPOINT WARNING * * *
It was a potion of flight.
You feel very buoyant.
You fly up into the air.
The gnoll hits you from afar with a +0 spear.
You die...

######.# ##.# #.#
#.. #.# #.#.
##.######.#..
#.......?.# #
#.........#
#.........#
#.........#####...
#.........@)gg....
#........########.
#........#
#[.......#
##.####### #.# #.#
#.# #.#


You could see 2 gnolls.

Vanquished Creatures
  2 gnolls (D:2)
  A dart slug (D:1)
  An endoplasm (D:1)
  4 giant cockroaches
  A goblin (D:1)
  2 hobgoblins (D:1)
  2 quokkas (D:1)
  4 ball pythons (D:1)
  3 frilled lizards
  3 kobolds
  3 rats (D:1)
26 creatures vanquished.

Notes
Turn   | Place    | Note
-------+----------+-------------------------------------------
     0 | D:1      | edwardauron the Demonspawn Earth Elementalist began the
                  | quest for the Orb.
     0 | D:1      | Reached XP level 1. HP: 13/13 MP: 3/3
   235 | D:1      | Reached skill level 3 in Earth Magic
   235 | D:1      | Gained mutation: You are partially covered in sharp spines.
                  | [demonic ancestry]
   235 | D:1      | Reached XP level 2. HP: 19/19 MP: 1/5
   526 | D:1      | Found a faded altar of an unknown god.
  1250 | D:2      | Reached XP level 3. HP: 10/24 MP: 2/7
  1252 | D:2      | HP: 1/24 [gnoll/+0 spear (5)]
  1253 | D:2      | Slain by a gnoll

Illustrated notes

Levels and vault maps discovered:
D:1:      dpeg_arrival_concentric_ovals, layout_loops_ring,
          shapermc_ecumenical_altar_venn, wander_ebering_terrifying_dragon_lair
D:2:      layout_basic

Skill      XL: |  1 |
---------------+----+-----
Earth Magic    | 3 |  3.5
Dodging        | |  1.7
Stealth        | |  1.7
Spellcasting   | |  2.9
Transmutations | |  0.8

Action                     || total
---------------------------++-------
  Melee: Unarmed           ||     2
   Cast: Sandblast         ||    39
    Use: Potion            ||     2
 Armour: Robe              ||     1
  Dodge: Dodged            ||    11
